AoeStats
← Orangetang

Arena

509609385Analyzed
4v4 RM · 4d ago on Sep 27, 2026· 47m 3s· 8 players
Game mode
Random Map
Map size
Large (8 player)
Population
200
Speed
Normal
Resources
Standard
Victory
Conquest
Starting age
Dark Age
Ending age
Imperial Age
RankedLock teamsTeams togetherTeam positionsShared explorationLock speedFull tech treeHidden civsTurbo modeCheats
Victory
Defeat
🇹🇼 Britons · Taiwan
771
+12
🇨🇳 Romans · China
770
+12
🇨🇦 Khmer · Canada
707
+15
🇬🇧 Vikings · United Kingdom
655
+17
🇨🇳 Cumans · China
750
-16
🇨🇳 Teutons · China
718
-16
🇨🇳 Spanish · China
639
-12
🇨🇳 Magyars · China
622
-12
蝙蝠汤7分糖
10:47 Feudal Age
10:20 Loom
18:33 Fletching
26:13 Castle Age
25:41 Stone Mining
25:34 Horse Collar
25:41 Double-Bit Axe
25:51 Gold Mining
27:37 Heavy Plow
28:17 Stone Shaft Mining
27:55 Bow Saw
29:26 Forging
30:11 Scale Mail Armor
34:08 Ballistics
35:40 Ironclad
37:58 Imperial Age
37:26 Wheelbarrow
36:43 Town Watch
37:55 Masonry
39:24 Bloodlines
40:26 Iron Casting
39:57 Scale Barding Armor
46:43 Chemistry
45:56 Siege Engineers
RICH
6:53 Loom
11:49 Feudal Age
13:11 Double-Bit Axe
14:49 Wheelbarrow
18:13 Horse Collar
22:40 Castle Age
28:49 Hand Cart
28:46 Bow Saw
28:29 Stone Mining
28:32 Gold Mining
28:50 Caravan
31:35 Gold Shaft Mining
35:36 Heavy Plow
36:31 Corvinian Army
37:30 Scale Barding Armor
37:25 Padded Archer Armor
37:16 Fletching
42:09 Imperial Age
39:57 Husbandry
40:08 Bloodlines
40:17 Elite Skirmisher
43:13 Conscription
47:35 Conscription
46:39 Elite Magyar Huszar
dy搜旧情
12:17 Feudal Age
15:36 Stone Mining
19:39 Castle Age
18:22 Double-Bit Axe
18:36 Horse Collar
19:39 Loom
29:53 Wheelbarrow
30:05 Bloodlines
30:14 Forging
30:45 Bow Saw
31:23 Scale Mail Armor
31:31 Scale Barding Armor
32:46 Chain Barding Armor
32:27 Scale Mail Armor
33:05 Iron Casting
33:20 Husbandry
33:47 Heavy Plow
34:30 Ballistics
34:17 Caravan
34:48 Coinage
35:56 Hand Cart
41:13 Imperial Age
39:00 Padded Archer Armor
41:19 Elite Conquistador
42:22 Conscription
44:29 Chemistry
石头哥
10:54 Feudal Age
14:53 Double-Bit Axe
18:33 Man-at-Arms
27:48 Castle Age
32:25 Stone Mining
32:47 Gold Mining
33:09 Bow Saw
32:42 Horse Collar
35:57 Gold Shaft Mining
35:37 Forging
35:33 Scale Barding Armor
35:32 Padded Archer Armor
35:22 Fletching
39:06 Imperial Age
37:14 Steppe Husbandry
37:29 Bloodlines
36:41 Light Cavalry
40:08 Iron Casting
39:54 Chain Barding Armor
39:52 Leather Archer Armor
40:10 Squires
39:57 Arson
43:20 Blast Furnace
43:51 Conscription
45:47 Elite Steppe Lancer
46:16 Hussar
InferiorGnome
0:46 Loom
12:04 Feudal Age
12:36 Double-Bit Axe
13:22 Horse Collar
19:07 Scale Mail Armor
19:17 Forging
23:24 Castle Age
21:25 Gold Mining
21:53 Arson
22:06 Stone Mining
23:54 Fletching
23:37 Pikeman
25:17 Heavy Plow
25:54 Chain Mail Armor
26:43 Bow Saw
28:13 Squires
30:22 Iron Casting
31:08 Ballistics
30:45 Murder Holes
31:24 Fervor
31:50 Masonry
31:51 Fortified Wall
32:50 Caravan
33:32 Gold Shaft Mining
33:07 Treadmill Crane
35:06 Bodkin Arrow
35:17 Scale Barding Armor
35:13 Padded Archer Armor
36:33 Chieftains
36:35 Town Watch
45:06 Imperial Age
46:56 Blast Furnace
47:34 Plate Mail Armor
48:06 Chemistry
46:46 Elite Varangian Guard
Kanna Kamui
0:26 Loom
11:54 Feudal Age
13:31 Double-Bit Axe
14:24 Stone Mining
14:28 Gold Mining
15:54 Wheelbarrow
19:55 Castle Age
18:50 Fletching
19:00 Padded Archer Armor
19:20 Horse Collar
22:06 Bow Saw
26:26 Ballistics
28:20 Yeomen
29:18 Gold Shaft Mining
32:38 Imperial Age
29:45 Pikeman
30:52 Squires
32:19 Bodkin Arrow
32:36 Forging
33:02 Leather Archer Armor
33:52 Masonry
34:08 Conscription
34:16 Hand Cart
34:09 Scale Barding Armor
35:35 Chemistry
36:17 Bracer
36:47 Ring Archer Armor
36:42 Siege Engineers
37:08 Architecture
37:29 Husbandry
36:49 Light Cavalry
38:00 Warwolf
39:14 Iron Casting
39:00 Chain Barding Armor
39:13 Murder Holes
47:25 Blast Furnace
47:01 Plate Barding Armor
Orangetang
11:50 Feudal Age
12:16 Double-Bit Axe
12:12 Horse Collar
16:38 Bloodlines
18:52 Castle Age
19:00 Bloodlines
19:21 Light Cavalry
20:02 Husbandry
24:15 Bow Saw
25:12 Heavy Plow
29:35 Stone Mining
29:38 Gold Mining
29:52 Fletching
30:25 Ballistics
31:37 Gold Shaft Mining
31:38 Stone Shaft Mining
35:27 Imperial Age
36:57 Scale Barding Armor
37:02 Forging
37:33 Cavalier
40:59 Siege Engineers
41:05 Masonry
41:06 Fortified Wall
40:53 Bodkin Arrow
41:34 Iron Casting
41:19 Chain Barding Armor
43:19 Double Crossbow
43:53 Elite Ballista Elephant
784f22fd
10:54 Feudal Age
11:18 Loom
14:38 Castle Age
12:26 Double-Bit Axe
28:23 Stone Mining
37:40 Horse Collar
44:59 Bow Saw
45:58 Heavy Plow
46:44 Gold Mining
Connection lost

Rejoining the realm…

Still unreachable

The connection could not be restored.

Session expired

The server has moved on; the page needs a fresh start.